 Dungeon Crawl Stone Soup version 0.30.0-19-g36f170ea60 (webtiles) character file.

Game seed: 2055703417360299523

147 wingedge the Vexing (level 5, -1/38 HPs)
             Began as a Vampire Enchanter on May 30, 2023.
             Killed by nerve-wracking pain
             ... invoked by Grinder
              (5 damage)
             ... on level 3 of the Dungeon.
             The game lasted 00:08:18 (1538 turns).

wingedge the Vexing (Vampire Enchanter)             Turns: 1538, Time: 00:08:19

Health: -1/38      AC:  3    Str:  7    XL:     5   Next: 7%
Magic:  8/8        EV: 12    Int: 19    God:
Gold:   94         SH:  0    Dex: 19    Spells: 3/8 levels left

rFire   . . .        a - +11 flail of Makhleb's Regard {elec, *Rage rElec Dex+4 SInv}
rCold   . . .        (no shield)
rNeg    . . .        p - +0 robe
rPois   .            (no helmet)
rElec   +            (no cloak)
rCorr   .            (no gloves)
SInv    +            l - +0 pair of boots
Will    .....        k - amulet of magic regeneration
Stlth   +++          (no ring)
HPRegen 0.46/turn    (no ring)
MPRegen 0.51/turn

%: random rage (20%)
@: on berserk cooldown, healing quickly, slowed, very slow
A: alive, fangs 3, see invisible, vampiric 2
a: Exsanguinate


You were on level 3 of the Dungeon.
You visited 1 branch of the dungeon, and saw 3 of its levels.

You collected 94 gold pieces.

Inventory:

Hand Weapons
 a - the +11 flail of Makhleb's Regard (weapon) {elec, *Rage rElec Dex+4 SInv}
   (You found it on level 2 of the Dungeon)

   Dex:       It affects your dexterity (+4).
   rElec:     It insulates you from electricity.
   SInv:      It lets you see invisible.
   *Rage:     It berserks you when you make melee attacks (+20% chance).
 b - a +1 dagger
Armour
 l - a +0 pair of boots (worn)
 p - a +0 robe (worn)
Magical Staves
 g - a staff of death
Jewellery
 k - an amulet of magic regeneration (around neck)
 s - an amulet of reflection
 u - an amulet of faith
Scrolls
 d - 5 scrolls of identify {unknown}
 e - a scroll of fear {unknown}
 m - 2 scrolls of teleportation {unknown}
 o - a scroll of fog {unknown}
 t - a scroll of acquirement {unknown}
Potions
 c - 3 potions of invisibility
 f - a potion of brilliance {unknown}
 h - a potion of heal wounds {unknown}
 i - a potion of mutation {unknown}
 j - a potion of magic {unknown}
 n - a potion of flight {unknown}
 q - 3 potions of curing {unknown}
 r - a potion of might {unknown}


   Skills:
 + Level 1.7 Fighting
 - Level 1.1 Short Blades
 - Level 1.0 Maces & Flails
 - Level 2.1 Dodging
 - Level 4.4 Stealth
 + Level 2.4 Spellcasting
 + Level 5.3 Hexes
 + Level 2.9 Ice Magic


You had 3 spell levels left.
You knew the following spells:

 Your Spells              Type           Power      Damage    Failure   Level
a - Ensorcelled Hibernat  Hex/Ice        34%        N/A       4%          2
b - Confusing Touch       Hex            22%        N/A       5%          3

Your spell library contained the following spells:

 Spells                   Type           Power      Damage    Failure   Level
 Tukima's Dance           Hex            22%        N/A       5%          3
 Sandblast                Erth           4%         2d4       16%         1
 Dazzling Flash           Conj/Hex       24%        N/A       16%         3
 Portal Projectile        Hex/Tloc       24%        N/A       16%         3
 Passwall                 Tmut/Erth      1%         N/A       24%         2
 Call Canine Familiar     Summ           2%         N/A       43%         3
 Stone Arrow              Conj/Erth      4%         3d7       43%         3
 Leda's Liquefaction      Hex/Erth       6%         N/A       47%         4


Dungeon Overview and Level Annotations

Branches:
Dungeon (3/15)

Altars:
Cheibriados
Wu Jian

Annotations:
D:3 Grinder


Innate Abilities, Weirdness & Mutations

Your natural rate of healing is accelerated.
You have razor-sharp teeth.
You have supernaturally acute eyesight. (SInv)
You are afflicted with vampirism and can become a bat while bloodless.


Message History

The orc wizard is heavily wounded.
The orc wizard closely misses you.
You bludgeon the orc wizard!!
You kill the orc wizard!
Training target 1.0 for Maces & Flails reached!
Your Maces & Flails skill increases to level 1!
Your Hexes skill increases to level 5!
You sock the orc wizard!
The orc wizard is almost dead.
Grinder zaps a wand.
The puff of flame misses the orc wizard.
The puff of flame hits you! The orc wizard completely misses you.
You closely miss the orc wizard.
The orc wizard is almost dead.
The orc wizard completely misses you.
You barely miss the orc wizard.
The orc wizard is almost dead.
The orc wizard closely misses you.
You sock the orc wizard!
You kill the orc wizard!
Grinder gestures at you. Pain shoots through your body!
* * * LOW HITPOINT WARNING * * *
You have reached level 5!
You feel agile.
Items here: )) [[ ††.
You bludgeon Grinder!!
Grinder is severely wounded.
Grinder blinks!
Grinder zaps a wand.
The puff of flame hits you!
* * * LOW HITPOINT WARNING * * *
You feel a strong urge to attack something.
You are no longer berserk.
You are exhausted.
You feel yourself slow down.
You closely miss Grinder.
Grinder is severely wounded.
Grinder gestures at you. Pain shoots through your body!
You die...

## ####### .. #.....#
.# #######.###.# .#
........###.#####.####
#...#.##...5@.oo..$#
#.#.......#####.##.#
#...#.###.# ..#
#.###.##.###.# ....
#............# ..#.#
#####.######## .##.# #
#...#### .# . #
#.#....# .# # #
######'''##


You could see Grinder and 2 orcs.

Vanquished Creatures
  Jessica (D:2)
  2 orc wizards (D:3)
  2 adders
  A worm (D:2)
  2 dart slugs
  2 endoplasms
  5 giant cockroaches
  A hobgoblin (D:1)
  9 jackals
  2 kobolds (D:1)
  A quokka (D:2)
  3 ball pythons
  9 bats
  2 frilled lizards (D:2)
  3 goblins
  2 rats
47 creatures vanquished.

Notes
Turn   | Place    | Note
-------+----------+-------------------------------------------
     0 | D:1      | wingedge the Vampire Enchanter began the quest for the Orb.
     0 | D:1      | Reached XP level 1. HP: 13/13 MP: 3/3
   121 | D:1      | Reached skill level 1 in Ice Magic
   212 | D:1      | Reached XP level 2. HP: 19/19 MP: 5/5
   265 | D:1      | Learned a level 2 spell: Ensorcelled Hibernation
   616 | D:2      | Identified the +11 flail of Makhleb's Regard {elec, *Rage
                  | rElec Dex+4 SInv}
   676 | D:2      | Gained mutation: You are afflicted with vampirism and can
                  | become a bat while bloodless. [Vampire growth]
   676 | D:2      | Reached XP level 3. HP: 25/25 MP: 2/6
   715 | D:2      | Reached skill level 1 in Fighting
   937 | D:2      | Learned a level 3 spell: Confusing Touch
  1000 | D:2      | Noticed Jessica
  1008 | D:2      | Killed Jessica
  1009 | D:2      | Reached XP level 4. HP: 30/32 MP: 4/7
  1290 | D:3      | Found an ornate altar of the Wu Jian Council.
  1492 | D:3      | Found a snail-covered altar of Cheibriados.
  1521 | D:3      | Noticed Grinder
  1530 | D:3      | Reached skill level 1 in Maces & Flails
  1530 | D:3      | Reached skill level 5 in Hexes
  1534 | D:3      | Reached XP level 5. HP: 15/38 MP: 8/8
  1538 | D:3      | Killed from afar by Grinder

Illustrated notes

Levels and vault maps discovered:
D:1:      dpeg_arrival_pits, layout_rooms, minmay_domino_2
D:2:      layout_loops_ring, uniq_jessica
D:3:      layout_loops_corners, nzn_wu_jian_contemplation,
          nzn_hepliaklqana_mist_gate, kennysheep_okawaru_gauntlet,
          mainiacjoe_overflow_concentric_impassable,
          mainiacjoe_overflow_big_doors, hellmonk_ecumenical_altar_watching_god,
          uniq_grinder, uniq_robin

Skill      XL: |  1  2  3  4 |
---------------+-------------+-----
Ice Magic      | 1 2 |  2.9
Fighting       | 1 |  1.7
Maces & Flails | 1 |  1.0
Hexes          | 5 |  5.3
Short Blades   | |  1.1
Dodging        | |  2.1
Stealth        | |  4.4
Spellcasting   | |  2.4

Action                     |  1- 3 |  4- 6 || total
---------------------------+-------+-------++-------
  Melee: Dagger            |    63 |       ||    63
         Bite              |     7 |     1 ||     8
         Mace              |    14 |       ||    14
         Flail             |    20 |    36 ||    56
         Punch             |     1 |       ||     1
  Throw: Stone             |     2 |       ||     2
   Cast: Ensorcelled Hiber |     9 |       ||     9
   Stab: Sleeping          |    15 |     2 ||    17
 Armour: Robe              |    22 |    13 ||    35
  Dodge: Dodged            |    58 |    30 ||    88
